AoeStats
← Long John Silver

Arena

507036814Analyzed
4v4 RM · 16d ago on Sep 16, 2026· 39m 23s· 8 players
Game mode
Random Map
Map size
Large (8 player)
Population
200
Speed
Normal
Resources
Standard
Victory
Conquest
Starting age
Dark Age
Ending age
Imperial Age
RankedLock teamsTeams togetherTeam positionsShared explorationLock speedFull tech treeHidden civsTurbo modeCheats
Victory
Defeat
🇨🇳 Poles · China
1523
+12
🇺🇸 Tatars · United States
1522
+12
🇻🇳 Franks · Vietnam
1517
+13
🇨🇳 Malians · China
1415
+17
🇨🇳 Wu · China
1468
-15
🇮🇳 Lithuanians · India
1456
-14
🇩🇪 Britons · Germany
1439
-13
🇩🇪 Celts · Germany
1404
-12
Bobo
11:56 Feudal Age
10:12 Loom
13:28 Double-Bit Axe
15:55 Castle Age
13:50 Double-Bit Axe
22:46 Imperial Age
24:09 Fletching
28:07 Horse Collar
29:57 Masonry
Sole ASh
10:12 Feudal Age
14:07 Castle Age
12:43 Double-Bit Axe
13:16 Horse Collar
16:32 Scale Mail Armor
17:26 Forging
19:38 Bow Saw
19:40 Loom
23:25 Gold Mining
23:39 Heavy Plow
26:00 Wheelbarrow
25:55 Stone Mining
27:14 Hand Cart
31:31 Imperial Age
29:46 Gold Shaft Mining
29:32 Fletching
29:50 Town Watch
31:50 Bodkin Arrow
32:45 Ballistics
32:56 Padded Archer Armor
33:01 Bracer
34:32 Chemistry
35:13 Leather Archer Armor
37:13 Guilds
38:19 Pikeman
39:18 Chain Mail Armor
39:38 Iron Casting
RockAxe4356
10:45 Feudal Age
14:36 Castle Age
12:46 Double-Bit Axe
13:31 Horse Collar
16:54 Bow Saw
18:50 Fervor
21:00 Heavy Plow
23:58 Wheelbarrow
23:10 Loom
25:37 Gold Mining
25:37 Stone Mining
25:43 Stone Mining
29:08 Imperial Age
26:24 Town Watch
27:57 Scale Barding Armor
28:04 Bloodlines
27:55 Husbandry
29:20 Chain Barding Armor
29:11 Forging
30:15 Conscription
29:56 Elite Leitis
31:27 Hand Cart
32:28 Plate Barding Armor
32:36 Iron Casting
34:41 Town Patrol
35:53 Chemistry
38:35 Herbal Medicine
Long John Silver
10:41 Feudal Age
14:17 Castle Age
12:22 Double-Bit Axe
12:22 Horse Collar
15:47 Bow Saw
15:38 Heavy Plow
18:09 Loom
21:12 Stone Mining
22:47 Wheelbarrow
22:16 Gold Mining
24:15 Gold Shaft Mining
24:13 Hand Cart
24:15 Fletching
27:58 Imperial Age
25:36 Fletching
25:47 Padded Archer Armor
26:27 Bodkin Arrow
27:00 Ballistics
27:21 Leather Archer Armor
27:26 Treadmill Crane
27:57 Masonry
29:05 Bracer
28:42 Elite Longbowman
30:25 Chemistry
30:12 Conscription
30:48 Ring Archer Armor
30:29 Scale Mail Armor
30:14 Pikeman
30:54 Squires
31:09 Halberdier
32:25 Chain Mail Armor
32:20 Forging
34:12 Plate Mail Armor
33:30 Arson
35:06 Two-Man Saw
35:09 Iron Casting
36:30 Hoardings
37:35 Siege Engineers
37:41 Fortified Wall
38:02 Architecture
deev
10:22 Feudal Age
12:20 Loom
14:55 Castle Age
13:13 Fletching
13:25 Double-Bit Axe
15:59 Bow Saw
17:03 Bodkin Arrow
22:21 Bloodlines
22:12 Husbandry
22:25 Horse Collar
24:39 Wheelbarrow
29:32 Imperial Age
27:14 Padded Archer Armor
28:10 Ballistics
28:09 Hand Cart
29:10 Husbandry
30:55 Conscription
31:07 Bracer
32:27 Chemistry
32:19 Leather Archer Armor
33:59 Ring Archer Armor
35:28 Heavy Cavalry Archer
hoot
11:28 Feudal Age
14:59 Castle Age
13:09 Horse Collar
14:11 Double-Bit Axe
16:34 Loom
20:05 Gold Mining
20:37 Scale Mail Armor
25:06 Chain Mail Armor
28:46 Stone Mining
29:45 Wheelbarrow
31:05 Hand Cart
30:36 Town Watch
35:04 Imperial Age
34:32 Squires
33:52 Man-at-Arms
34:18 Arson
35:02 Forging
35:25 Long Swordsman
36:39 Plate Mail Armor
36:32 Conscription
36:23 Two-Handed Swordsman
37:31 Champion
39:16 Iron Casting
timembh
10:56 Feudal Age
14:54 Castle Age
12:44 Double-Bit Axe
16:43 Bow Saw
17:57 Loom
20:59 Gold Mining
23:28 Scale Barding Armor
25:39 Wheelbarrow
25:42 Gold Shaft Mining
26:33 Chain Barding Armor
30:48 Imperial Age
28:44 Hand Cart
28:22 Stone Mining
29:22 Forging
29:13 Husbandry
31:37 Iron Casting
30:52 Cavalier
32:25 Plate Barding Armor
32:04 Town Watch
34:03 Blast Furnace
32:32 Paladin
泡锅
10:21 Feudal Age
14:13 Castle Age
12:09 Double-Bit Axe
12:52 Horse Collar
15:16 Bow Saw
21:38 Wheelbarrow
22:45 Gold Mining
24:15 Hand Cart
23:46 Loom
26:05 Scale Barding Armor
26:10 Forging
28:46 Imperial Age
26:25 Treadmill Crane
26:52 Heavy Plow
27:35 Chain Barding Armor
27:42 Ballistics
27:32 Masonry
28:13 Iron Casting
28:10 Husbandry
28:21 Bloodlines
28:03 Light Cavalry
28:58 Cavalier
28:58 Winged Hussar
30:51 Blast Furnace
30:31 Crop Rotation
30:54 Stone Mining
31:58 Conscription
31:50 Szlachta Privileges
32:14 Lechitic Legacy
35:31 Fletching
35:41 Padded Archer Armor
36:45 Chemistry
37:42 Capped Ram
Connection lost

Rejoining the realm…

Still unreachable

The connection could not be restored.

Session expired

The server has moved on; the page needs a fresh start.